| TOP OF THE 1ST |
|
Columbia Fireflies batting - Pitching for Colorado (EL) Rockies : RHP Jim Bruley
|
|
Pitching: RHP Jim Bruley
|
|
|
Batting: RHB Billy Walker
|
0-0: Ball 1-0: Ground out 5-3 (Groundball, 56S, EV 83.8 MPH)
|
|
Batting: LHB Roy Riess
|
0-0: Ball 1-0: Ball 2-0: Foul Ball, location: 2F 2-1: Foul Ball, location: 2F 2-2: Foul Ball, location: 2F 2-2: Ball 3-2: Base on Balls
|
|
Batting: LHB Roy Blonski
|
0-0: Called Strike 0-1: Foul Ball, location: 2F 0-2: Strikes out looking
|
|
Batting: RHB Jeff MacPhee
|
0-0: Called Strike Roy Riess steals 2nd base 0-1: Called Strike 0-2: DOUBLE (Flyball, 8RXD, EV 106.3 MPH) Roy Riess scores
|
|
Batting: RHB Bobby Campbell
|
0-0: Called Strike 0-1: Foul Ball, location: 2F 0-2: Ball 1-2: Strikes out swinging
|
| Top of the 1st over - 1 run, 1 hit, 0 errors, 1 left on base; Columbia 1 - Colorado (EL) 0 |
| BOTTOM OF THE 1ST |
|
Colorado (EL) Rockies batting - Pitching for Columbia Fireflies : RHP Brett Hackmann
|
|
Pitching: RHP Brett Hackmann
|
|
|
Batting: RHB John Michener
|
0-0: Ball 1-0: Called Strike 1-1: Called Strike 1-2: Foul Ball, location: 2F 1-2: Strikes out swinging
|
|
Batting: LHB Elijah Black
|
0-0: Called Strike 0-1: Ball 1-1: Ground out 3-1 (Groundball, 34, EV 88.1 MPH)
|
|
Batting: LHB Eric Ludwig
|
0-0: Ball 1-0: Foul Ball, location: 2F 1-1: Called Strike 1-2: Ball 2-2: DOUBLE (Line Drive, 78M, EV 113.1 MPH)
|
|
Batting: RHB Nick Rang
|
0-0: Ground out 4-3 (Groundball, 4, EV 85.6 MPH)
|
| Bottom of the 1st over - 0 runs, 1 hit, 0 errors, 1 left on base; Columbia 1 - Colorado (EL) 0 |
| TOP OF THE 2ND |
|
Columbia Fireflies batting - Pitching for Colorado (EL) Rockies : RHP Jim Bruley
|
|
Batting: RHB Seth Daniel
|
0-0: Ball 1-0: Swinging Strike 1-1: Foul Ball, location: 2F 1-2: Ball 2-2: Strikes out looking
|
|
Batting: LHB Chris Carter
|
0-0: Called Strike 0-1: Swinging Strike 0-2: Ball 1-2: DOUBLE (Groundball, 3L, EV 98.8 MPH)
|
|
Batting: RHB Ricky Trejo
|
0-0: Ball Chris Carter steals 3rd base 1-0: Called Strike 1-1: Ball 2-1: Ground out 5-3 (Groundball, 56, EV 98.8 MPH) Chris Carter scores
|
|
Batting: RHB Omar Gonzalez
|
0-0: Ground out 6-3 (Groundball, 6, EV 112.5 MPH)
|
| Top of the 2nd over - 1 run, 1 hit, 0 errors, 0 left on base; Columbia 2 - Colorado (EL) 0 |
| BOTTOM OF THE 2ND |
|
Colorado (EL) Rockies batting - Pitching for Columbia Fireflies : RHP Brett Hackmann
|
|
Batting: RHB Matt Wheaton
|
0-0: Hit by Pitch
|
|
Batting: RHB Max Schellekens
|
0-0: Ball 1-0: Ball 2-0: Swinging Strike 2-1: Foul Ball, location: 2F 2-2: Grounds into double play, 4-6-3 (Groundball, 34, EV 89.4 MPH)
|
|
Batting: RHB Justin Pellman
|
0-0: Ball 1-0: Ball 2-0: Ball 3-0: SOLO HOME RUN (Flyball, 78XD, EV 101.9 MPH), Distance : 389 ft
|
|
Batting: RHB Jerry Edmiston
|
0-0: Called Strike 0-1: Fly out, F8 (Flyball, 8LM, EV 80.6 MPH)
|
| Bottom of the 2nd over - 1 run, 1 hit, 0 errors, 0 left on base; Columbia 2 - Colorado (EL) 1 |
| TOP OF THE 3RD |
|
Columbia Fireflies batting - Pitching for Colorado (EL) Rockies : RHP Jim Bruley
|
|
Batting: RHB Billy Walker
|
0-0: Swinging Strike 0-1: Ball 1-1: Called Strike 1-2: Ball 2-2: Ball 3-2: Fly out, F7 (Flyball, 7LM, EV 97.5 MPH)
|
|
Batting: LHB Roy Riess
|
0-0: Swinging Strike 0-1: Ball 1-1: Ground out 5-3 (Groundball, 56, EV 86.9 MPH)
|
|
Batting: LHB Roy Blonski
|
0-0: Ground out 5-3 (Groundball, 56, EV 83.8 MPH)
|
| Top of the 3rd over - 0 runs, 0 hits, 0 errors, 0 left on base; Columbia 2 - Colorado (EL) 1 |
| BOTTOM OF THE 3RD |
|
Colorado (EL) Rockies batting - Pitching for Columbia Fireflies : RHP Brett Hackmann
|
|
Batting: RHB Matt Fabre
|
0-0: Ball 1-0: Ball 2-0: Ball 3-0: Called Strike 3-1: Called Strike 3-2: Strikes out swinging
|
|
Batting: RHB John Michener
|
0-0: Ball 1-0: SINGLE (Groundball, 6S, EV 66.9 MPH) (infield hit)
|
|
Batting: LHB Elijah Black
|
0-0: Called Strike John Michener steals 2nd base (no throw) 0-1: Fly out, F4 (Line Drive, 4, EV 72.5 MPH)
|
|
Batting: LHB Eric Ludwig
|
0-0: Ball 1-0: Swinging Strike 1-1: Ball 2-1: Foul Ball, location: 2F 2-2: Foul Ball, location: 2F 2-2: Ball 3-2: Ground out 6-3 (Groundball, 6, EV 93.1 MPH)
|
| Bottom of the 3rd over - 0 runs, 1 hit, 0 errors, 1 left on base; Columbia 2 - Colorado (EL) 1 |
| TOP OF THE 4TH |
|
Columbia Fireflies batting - Pitching for Colorado (EL) Rockies : RHP Jim Bruley
|
|
Batting: RHB Jeff MacPhee
|
0-0: Called Strike 0-1: Foul Ball, location: 2F 0-2: Strikes out looking
|
|
Batting: RHB Bobby Campbell
|
0-0: Ball 1-0: Ball 2-0: Ball 3-0: Called Strike 3-1: Base on Balls
|
|
Batting: RHB Seth Daniel
|
0-0: Ball 1-0: Fielders Choice at 2nd, 5-4 (Groundball, 5D, EV 100.6 MPH)
|
|
Batting: LHB Chris Carter
|
0-0: Ground out U3 (Groundball, 34S, EV 88.1 MPH)
|
| Top of the 4th over - 0 runs, 0 hits, 0 errors, 1 left on base; Columbia 2 - Colorado (EL) 1 |
| BOTTOM OF THE 4TH |
|
Colorado (EL) Rockies batting - Pitching for Columbia Fireflies : RHP Brett Hackmann
|
|
Batting: RHB Nick Rang
|
0-0: Called Strike 0-1: Called Strike 0-2: Strikes out swinging
|
|
Batting: RHB Matt Wheaton
|
0-0: Ball 1-0: Ground out 6-3 (Groundball, 6, EV 99.4 MPH)
|
|
Batting: RHB Max Schellekens
|
0-0: Called Strike 0-1: Foul Ball, location: 2F 0-2: Foul Ball, location: 2F 0-2: Ball 1-2: Foul Ball, location: 2F 1-2: Foul Ball, location: 2F 1-2: Ground out 4-3 (Groundball, 4, EV 86.3 MPH)
|
| Bottom of the 4th over - 0 runs, 0 hits, 0 errors, 0 left on base; Columbia 2 - Colorado (EL) 1 |
| TOP OF THE 5TH |
|
Columbia Fireflies batting - Pitching for Colorado (EL) Rockies : RHP Jim Bruley
|
|
Batting: RHB Ricky Trejo
|
0-0: Foul Ball, location: 2F 0-1: Ground out 5-3 (Groundball, 5, EV 98.8 MPH)
|
|
Batting: RHB Omar Gonzalez
|
0-0: Ball 1-0: Swinging Strike 1-1: Ball 2-1: Ball 3-1: Fly out, F2 (Popup, 23F, EV 82.5 MPH)
|
|
Batting: RHB Billy Walker
|
0-0: Called Strike 0-1: Hit by Pitch
|
|
Batting: LHB Roy Riess
|
0-0: SINGLE (Line Drive, 34D, EV 94.4 MPH) Billy Walker to second Runner from 2nd tries for 3rd, OUT! 9-5
|
| Top of the 5th over - 0 runs, 1 hit, 0 errors, 1 left on base; Columbia 2 - Colorado (EL) 1 |
| BOTTOM OF THE 5TH |
|
Colorado (EL) Rockies batting - Pitching for Columbia Fireflies : RHP Brett Hackmann
|
|
Batting: RHB Justin Pellman
|
0-0: Ball 1-0: Called Strike 1-1: Ball 2-1: Fly out, F8 (Flyball, 8LD, EV 92.5 MPH)
|
|
Batting: RHB Jerry Edmiston
|
0-0: Ball 1-0: Called Strike 1-1: Ball 2-1: Ground out 4-3 (Groundball, 4M, EV 77.5 MPH)
|
|
Batting: RHB Matt Fabre
|
0-0: Ball 1-0: Foul Ball, location: 2F 1-1: Ball 2-1: Ball 3-1: Foul Ball, location: 2F 3-2: Base on Balls
|
|
Batting: RHB John Michener
|
0-0: Called Strike Matt Fabre steals 2nd base 0-1: Ball 1-1: Fly out, F2 (Popup, 5SF, EV 75.6 MPH)
|
| Bottom of the 5th over - 0 runs, 0 hits, 0 errors, 1 left on base; Columbia 2 - Colorado (EL) 1 |
| TOP OF THE 6TH |
|
Columbia Fireflies batting - Pitching for Colorado (EL) Rockies : RHP Jim Bruley
|
|
Batting: LHB Roy Blonski
|
0-0: Fly out, F2 (Popup, 13S, EV 90.0 MPH)
|
|
Batting: RHB Jeff MacPhee
|
0-0: Swinging Strike 0-1: SINGLE (Line Drive, 78M, EV 103.8 MPH)
|
|
Batting: RHB Bobby Campbell
|
0-0: Called Strike 0-1: Ball 1-1: Ball 2-1: Ground out 4-3 (Groundball, 4S, EV 67.5 MPH) Jeff MacPhee to second
|
|
Batting: RHB Seth Daniel
|
0-0: Ball 1-0: Ball 2-0: Foul Ball, location: 2F 2-1: Swinging Strike 2-2: Strikes out swinging
|
| Top of the 6th over - 0 runs, 1 hit, 0 errors, 1 left on base; Columbia 2 - Colorado (EL) 1 |
| BOTTOM OF THE 6TH |
|
Colorado (EL) Rockies batting - Pitching for Columbia Fireflies : RHP Brett Hackmann
|
|
Batting: LHB Elijah Black
|
0-0: Called Strike 0-1: Called Strike 0-2: Ball 1-2: Ground out 4-3 (Groundball, 4M, EV 98.1 MPH)
|
|
Batting: LHB Eric Ludwig
|
0-0: Ground out U3 (Groundball, 3L, EV 86.9 MPH)
|
|
Batting: RHB Nick Rang
|
0-0: Ball 1-0: Ball 2-0: Called Strike 2-1: Ball 3-1: Foul Ball, location: 2F 3-2: SINGLE (Groundball, 25, EV 72.5 MPH) (infield hit)
|
|
Batting: RHB Matt Wheaton
|
0-0: Called Strike Nick Rang steals 2nd base 0-1: Foul Ball, location: 2F 0-2: Ball 1-2: Ball 2-2: Ball 3-2: Foul Ball, location: 2F 3-2: Foul Ball, location: 2F 3-2: Ground out 6-3 (Groundball, 6, EV 81.9 MPH)
|
| Bottom of the 6th over - 0 runs, 1 hit, 0 errors, 1 left on base; Columbia 2 - Colorado (EL) 1 |
| TOP OF THE 7TH |
|
Columbia Fireflies batting - Pitching for Colorado (EL) Rockies : RHP Jim Bruley
|
|
Batting: LHB Chris Carter
|
0-0: Ball 1-0: Ball 2-0: Foul Ball, location: 2F 2-1: Ball 3-1: SINGLE (Groundball, 4S, EV 67.5 MPH) (infield hit)
|
|
Batting: RHB Ricky Trejo
|
0-0: Bunt missed! 0-1: Ball 1-1: Bunt missed! 1-2: Foul Ball, location: 2F 1-2: Fielders Choice at 2nd, 6-4 (Groundball, 6, EV 104.4 MPH)
|
|
Batting: RHB Omar Gonzalez
|
0-0: Ground out U3 (Groundball, 34, EV 90.6 MPH) Ricky Trejo to second
|
|
Batting: RHB Billy Walker
|
0-0: Ball 1-0: Ball 2-0: Called Strike 2-1: Foul Ball, location: 2F 2-2: Ball 3-2: Ground out 6-3 (Groundball, 6MD, EV 86.3 MPH)
|
| Top of the 7th over - 0 runs, 1 hit, 0 errors, 1 left on base; Columbia 2 - Colorado (EL) 1 |
| BOTTOM OF THE 7TH |
|
Colorado (EL) Rockies batting - Pitching for Columbia Fireflies : RHP Brett Hackmann
|
|
Pitching: RHP Battista Aldobrandini
|
|
|
Batting: RHB Max Schellekens
|
0-0: Ball 1-0: Ball 2-0: Called Strike 2-1: Ball 3-1: Fly out, F7 (Line Drive, 8LM, EV 88.1 MPH)
|
|
Batting: RHB Justin Pellman
|
0-0: Ball 1-0: Called Strike 1-1: Swinging Strike 1-2: Foul Ball, location: 2F 1-2: Foul Ball, location: 2F 1-2: Ball 2-2: Strikes out swinging
|
|
Batting: RHB Jerry Edmiston
|
0-0: Ground out 2-3 (Groundball, 2L, EV 66.3 MPH)
|
| Bottom of the 7th over - 0 runs, 0 hits, 0 errors, 0 left on base; Columbia 2 - Colorado (EL) 1 |
| TOP OF THE 8TH |
|
Columbia Fireflies batting - Pitching for Colorado (EL) Rockies : RHP Jim Bruley
|
|
Batting: LHB Roy Riess
|
0-0: Called Strike 0-1: Ball 1-1: Fly out, F8 (Line Drive, 8RM, EV 85.6 MPH)
|
|
Pitching: LHP Bill Ogren
|
|
|
Batting: LHB Roy Blonski
|
0-0: Ball 1-0: SINGLE (Line Drive, 78S, EV 98.8 MPH)
|
|
Batting: RHB Jeff MacPhee
|
0-0: Ball 1-0: Ball 2-0: Called Strike 2-1: Called Strike 2-2: Ball 3-2: Foul Ball, location: 2F 3-2: Strikes out looking
|
|
Batting: RHB Bobby Campbell
|
0-0: Swinging Strike 0-1: Foul Ball, location: 2F 0-2: Ball 1-2: Foul Ball, location: 2F 1-2: Fielders Choice at 2nd, 5-4 (Groundball, 56, EV 86.9 MPH)
|
| Top of the 8th over - 0 runs, 1 hit, 0 errors, 1 left on base; Columbia 2 - Colorado (EL) 1 |
| BOTTOM OF THE 8TH |
|
Colorado (EL) Rockies batting - Pitching for Columbia Fireflies : RHP Battista Aldobrandini
|
|
Pitching: RHP Casey Cuomo
|
|
|
Batting: RHB Matt Fabre
|
0-0: Ball 1-0: Hit by Pitch
|
|
Batting: RHB John Michener
|
0-0: Bunted foul 0-1: Ball 1-1: Sac Bunt to 15 - play at first, batter OUT! 1-4 Matt Fabre to second
|
|
Batting: LHB Elijah Black
|
0-0: Ball 1-0: Called Strike 1-1: SINGLE (Line Drive, 34D, EV 96.9 MPH) Matt Fabre to third
|
|
Batting: LHB Eric Ludwig
|
0-0: Ground out 6-3 (Groundball, 4, EV 103.8 MPH) Elijah Black to second
|
|
Batting: RHB Nick Rang
|
0-0: Called Strike 0-1: Ball 1-1: Swinging Strike 1-2: Fly out, F8 (Flyball, 8LM, EV 78.1 MPH)
|
| Bottom of the 8th over - 0 runs, 1 hit, 0 errors, 2 left on base; Columbia 2 - Colorado (EL) 1 |
| TOP OF THE 9TH |
|
Columbia Fireflies batting - Pitching for Colorado (EL) Rockies : LHP Bill Ogren
|
|
Batting: RHB Seth Daniel
|
0-0: Ball 1-0: Ball 2-0: Foul Ball, location: 2F 2-1: Ball 3-1: Ground out 4-3 (Groundball, 4, EV 88.8 MPH)
|
|
Batting: LHB Chris Carter
|
0-0: Called Strike 0-1: Foul Ball, location: 2F 0-2: Ball 1-2: Ball 2-2: Foul Ball, location: 2F 2-2: Foul Ball, location: 2F 2-2: Ball 3-2: Strikes out looking
|
|
Batting: RHB Ricky Trejo
|
0-0: Ball 1-0: Foul Ball, location: 2F 1-1: Foul Ball, location: 2F 1-2: Ball 2-2: Strikes out swinging
|
| Top of the 9th over - 0 runs, 0 hits, 0 errors, 0 left on base; Columbia 2 - Colorado (EL) 1 |
| BOTTOM OF THE 9TH |
|
Colorado (EL) Rockies batting - Pitching for Columbia Fireflies : RHP Casey Cuomo
|
|
Pitching: RHP Ryan Wilson
|
|
|
Batting: RHB Matt Wheaton
|
0-0: Foul Ball, location: 2F 0-1: Ball 1-1: Ground out 6-3 (Groundball, 6, EV 91.3 MPH)
|
|
Batting: RHB Max Schellekens
|
0-0: Ball 1-0: SINGLE (Line Drive, 8LM, EV 87.5 MPH)
|
|
Batting: RHB Justin Pellman
|
0-0: Called Strike 0-1: Swinging Strike 0-2: Ball 1-2: SINGLE (Line Drive, 9LM, EV 103.8 MPH) Max Schellekens to second
|
|
Pinch Hitting: SHB In-sung Lee
|
0-0: Called Strike 0-1: Swinging Strike 0-2: Strikes out swinging
|
|
Batting: RHB Matt Fabre
|
0-0: Called Strike 0-1: Fly out, F7 (Flyball, 7D, EV 93.1 MPH)
|
| Bottom of the 9th over - 0 runs, 2 hits, 0 errors, 2 left on base; Columbia 2 - Colorado (EL) 1 |
|